 Dungeon Crawl Stone Soup version 0.31-a0-149-g3fdcc5976a (webtiles) character file.

Game seed: 7945661311015007323

39 qw the Shooter (level 3, -1/31 HPs)
             Began as a Minotaur Hunter on June 7, 2023.
             Slain by Grinder (7 damage)
             ... on level 3 of the Dungeon.
             The game lasted 00:00:25 (1414 turns).

qw the Shooter (Minotaur Hunter)                    Turns: 1414, Time: 00:00:25

Health: -1/31      AC:  6    Str: 15    XL:     3   Next: 28%
Magic:  2/2        EV: 11    Int:  6    God:
Gold:   106        SH:  0    Dex: 15    Spells: 2/2 levels left

rFire   . . .        Y - +0 shortbow
rCold   . . .        (shield currently unavailable)
rNeg    . . .        e - +0 ring mail
rPois   .            (helmet restricted)
rElec   .            (no cloak)
rCorr   .            c - +0 pair of gloves
SInv    .            (no boots)
Will    .....        (no amulet)
Stlth   +            (no ring)
HPRegen 0.25/turn    (no ring)
MPRegen 0.08/turn

%: no passive effects
@: no status effects
A: horns 2, retaliatory headbutt
a: no special abilities


You were on level 3 of the Dungeon.
You visited 1 branch of the dungeon, and saw 3 of its levels.

You collected 106 gold pieces.


Innate Abilities, Weirdness & Mutations

You have a pair of horns on your head.
You reflexively headbutt those who attack you in melee.


   Skills:
 - Level 3.0 Fighting
 + Level 5.3 Ranged Weapons
 - Level 1.0 Armour
 - Level 2.1 Dodging
 - Level 0.7 Stealth


You had 2 spell levels left.
You didn't know any spells.
Your spell library was empty.

Inventory:

Hand Weapons
 Y - a +0 shortbow (weapon)
Armour
 c - a +0 pair of gloves (worn)
 e - a +0 ring mail (worn)
Potions
 b - a potion of ambrosia {unknown}
 d - a potion of attraction {unknown}

Dungeon Overview and Level Annotations

Branches:
Dungeon (3/15)

Altars:

Annotations:
D:3 Grinder


Message History

You shoot an arrow. The arrow closely misses Grinder.
Grinder gestures at you. You resist with significant effort.
You shoot an arrow. The arrow completely misses Grinder.
You shoot an arrow.
The arrow hits Grinder but does no damage.
Grinder is lightly wounded.
You shoot an arrow. The arrow hits Grinder.
Grinder is moderately wounded.
Grinder barely misses you. You furiously retaliate!
You headbutt Grinder. You shoot an arrow. The arrow barely misses Grinder.
Grinder gestures at you.
You suddenly lose the ability to move!
Grinder hits you but does no damage.
You can move again.
You shoot an arrow. The arrow hits Grinder.
Grinder is heavily wounded.
Grinder hits you.
You writhe in agony.
Grinder closely misses you. You furiously retaliate!
You headbutt Grinder. You shoot an arrow. The arrow hits Grinder.
Grinder is heavily wounded.
Grinder gestures at you. Pain shoots through your body!
You shoot an arrow. The arrow completely misses Grinder.
Grinder blinks!
You shoot an arrow. The arrow hits Grinder.
Grinder is severely wounded.
Grinder gestures at you.
You suddenly lose the ability to move!
Grinder hits you! Grinder barely misses you. Grinder gestures at you.
You barely resist. Grinder hits you but does no damage.
Grinder gestures at you.
You shrug off the repeated paralysis!
You can move again.
You shoot an arrow. The arrow hits Grinder.
Grinder is severely wounded.
Grinder hits you!
You die...

##.......## #.........##
.. ##..$....... ...#
#..>.......##...#
#.?..............
#...$..........
#.............#
###...@7.7.#
..>...5.._..#
........7.7.#
............#########
....................###
....).................##
.......##############..#
....... ##.. ......
############


You could see Grinder.

Vanquished Creatures
  8 endoplasms
  2 giant cockroaches (D:1)
  3 hobgoblins (D:1)
  5 jackals
  A quokka (D:2)
  5 ball pythons
  2 bats
  A frilled lizard (D:2)
  3 goblins (D:1)
  3 kobolds (D:1)
33 creatures vanquished.

Notes
Turn   | Place    | Note
-------+----------+-------------------------------------------
     0 | D:1      | qw the Minotaur Hunter began the quest for the Orb.
     0 | D:1      | Reached XP level 1. HP: 18/18 MP: 0/0
     0 | D:1      | 0 ||| qw: Version: 0.2-a-117-gc6b5c8b
     0 | D:1      | 0 ||| qw: Game counter: 2567
     0 | D:1      | 0 ||| qw: Always use a shield: true
     0 | D:1      | 0 ||| qw: God list: Okawaru
     0 | D:1      | 0 ||| qw: Allow faded altars: false
     0 | D:1      | 0 ||| qw: Do Orc after D:15 true
     0 | D:1      | 0 ||| qw: Do second Lair branch before Depths: true
     0 | D:1      | 0 ||| qw: Lair rune preference: random
     0 | D:1      | 0 ||| qw: Plans: Normal
     0 | D:1      | 0 ||| PLANNING D:1-11
   276 | D:1      | Reached XP level 2. HP: 25/25 MP: 1/1
   280 | D:1      | Reached skill level 5 in Ranged Weapons
   558 | D:1      | Reached skill level 3 in Fighting
   668 | D:1      | You fall into a shaft and drop 1 floor!
   793 | D:2      | 793 ||| UPGRADING to +0 ring mail.
   803 | D:2      | 803 ||| DROPPING +0 leather armour.
   804 | D:2      | 804 ||| READING scroll labelled WIMOTULEMIT.
   805 | D:2      | 805 ||| READING scroll labelled EZYKUO TAKHLEN.
   806 | D:2      | 806 ||| DROPPING scroll of butterflies.
  1032 | D:2      | Reached XP level 3. HP: 31/31 MP: 2/2
  1070 | D:2      | Reached skill level 1 in Armour
  1325 | D:2      | 1325 ||| UPGRADING to +0 pair of gloves.
  1330 | D:2      | 1330 ||| READING scroll labelled YXY CALIASEI.
  1387 | D:3      | Found a faded altar of an unknown god.
  1395 | D:3      | Noticed Grinder
  1404 | D:3      | Paralysed by Grinder for 2 turns
  1409 | D:3      | Paralysed by Grinder for 5 turns
  1409 | D:3      | HP: 5/31 [Grinder (9)]
  1414 | D:3      | Slain by Grinder

Levels and vault maps discovered:
D:1:      psy_arrival_wood_between_worlds, layout_basic
D:2:      layout_rooms
D:3:      layout_rooms, chequers_ecumenical_altar_simple, uniq_grinder

Skill      XL: |  1  2  3 |
---------------+----------+-----
Ranged Weapons | 5 |  5.3
Fighting       | 3 |  3.0
Armour         | 1 |  1.0
Dodging        | |  2.1
Stealth        | |  0.7

Action                     || total
---------------------------++-------
   Fire: Shortbow          ||    90
    Use: Scroll            ||     3
 Armour: Leather armour    ||     2
         Ring mail         ||     6
  Dodge: Dodged            ||    20

Table legend:
 A = Non-vault XP
 B = Vault XP
 C = Vault XP percentage of total XP
 D = Non-vault monster count
 E = Vault monster count
 F = Vault count percentage of total count
                 A         B        C        D         E       F
            +---------+---------+-------+---------+---------+-------
      Total |      57 |       0 |   0.0 |      33 |       0 |   0.0
            +---------+---------+-------+---------+---------+-------
        D:1 |      37 |       0 |   0.0 |      22 |       0 |   0.0
        D:2 |      16 |       0 |   0.0 |       9 |       0 |   0.0
        D:3 |       4 |       0 |   0.0 |       2 |       0 |   0.0
            +---------+---------+-------+---------+---------+-------
